 Dungeon Crawl Stone Soup version 0.17-a0-1920-gafa4d75 (webtiles) character file.

333 MDvedh the Chiller (level 6, -2/45 HPs)
             Began as a Demigod Ice Elementalist on July 20, 2015.
             Slain by an ogre
             ... wielding a +0 giant club
              (17 damage)
             ... on level 4 of the Dungeon on Sept 27, 2015.
             The game lasted 00:08:25 (4691 turns).

MDvedh the Chiller (Demigod Ice Elementalist)       Turns: 4691, Time: 00:08:25

Health: -2/45      AC:  3    Str:  8    XL:     6   Next: 5%
Magic:  7/14       EV: 12    Int: 23    God:
Gold:   127        SH:  0    Dex: 16    Spells: 3 memorised, 5 levels left

rFire  . . .     SeeInvis .     t - +3 whip (drain)
rCold  . . .     Clarity  .     a - +1 robe
rNeg   . . .     SustAt   +     (no shield)
rPois  .         Gourm    .     (no helmet)
rElec  .         Spirit   .     (no cloak)
rCorr  .         Warding  .     (no gloves)
rMut   .         Stasis   .     (no boots)
MR     .....                    (no amulet)
Stlth  ++........               (no ring)
                                k - -3 ring of strength

@: not resistant to hostile enchantments, unstealthy
A: high mp 1, sustain attributes
a: no special abilities


You were on level 4 of the Dungeon.
You were not hungry.

You visited 1 branch of the dungeon, and saw 4 of its levels.

You collected 127 gold pieces.

Inventory:

Hand weapons
 t - a +3 whip of draining (weapon)
Armour
 a - a +1 robe (worn)
Jewellery
 k - a -3 ring of strength (left hand)
Magical devices
 d - a wand of teleportation (5)
Scrolls
 e - a scroll of magic mapping
 h - a scroll of noise {unknown}
 n - 2 scrolls of remove curse
Potions
 f - 2 potions of heal wounds {unknown}
 g - 2 potions of lignification
 i - 2 potions of flight {unknown}
 j - a potion of invisibility {unknown}
 l - 2 potions of haste {unknown}
 o - a potion of agility {unknown}
 r - 3 potions of curing {unknown}
 s - a potion of degeneration {unknown}
Books
 b - a book of Frost

   Spells                             Type                      Level
   a - Freeze                         Ice                          1
   b - Throw Frost                    Conjuration/Ice              2
   c - Ozocubu's Armour               Charms/Ice                   3
   d - Throw Icicle                   Conjuration/Ice              4
   e - Summon Ice Beast               Ice/Summoning                4
   f - Condensation Shield            Ice                          4
Comestibles
 c - 3 bread rations
 u - 4 fruits


   Skills:
 - Level 1.7 Dodging
 - Level 1.7 Stealth
 + Level 3.4 Spellcasting
 - Level 0.8 Conjurations
 * Level 5.5 Ice Magic


You had 5 spell levels left.
You knew the following spells:

 Your Spells              Type           Power        Failure   Level  Hunger
a - Freeze                Ice            ####         1%          1    None
b - Throw Frost           Conj/Ice       ###...       4%          2    ##.....
c - Ozocubu's Armour      Chrm/Ice       ###.....     12%         3    ###....


Dungeon Overview and Level Annotations

Branches:
Dungeon (4/15)
 Temple: D:4-7

Annotations:
D:3 Sigmund; Wiebster667's ghost, average MiBe


Innate Abilities, Weirdness & Mutations

You have an increased reservoir of magic (+10% MP).
Your attributes are resistant to harm.


Message History

You freeze the ogre.
The ogre is heavily wounded.
The ogre hits you with a giant club!!
Ouch! That really hurt!
Casting: Freeze
Confirm with . or Enter, or press ? or * to list all spells.
Aiming: Freeze
Press: ? - help, Shift-Dir - straight line, f/p - ogre
Aim: an ogre, wielding a giant club (heavily wounded)
You freeze the ogre.
The ogre is heavily wounded.
Casting: Freeze
Confirm with . or Enter, or press ? or * to list all spells.
Aiming: Freeze
Press: ? - help, Shift-Dir - straight line, f/p - ogre
Aim: an ogre, wielding a giant club (heavily wounded)
You freeze the ogre.
The ogre is almost dead.
The ogre hits you with a giant club!
You die...

,****,,**+####+##.##.##.####....#
,+,,,,,,+,,,,,,,+..........'....#
,*,**,,**,****,*####.##.##.#....#
**,***+**,****+**###.############
,,,+,,,,,,,,,,,,,+....#
*****,***,*****,,##.###**********
*****+***+*#####+##.#,,,,,,,,,,,*
,,+,,,,,,,,+.....'..#,,,,,,,,,,,*
,****+***,*#.###@##.+,,,,,,,,,,,*
+***,,***+**,**#O##.#,,,,,,******
,,,,,,,,,,,*,>,..####***,,,*
,,,,,,,,,,,*,,...#**,,,**,,*
,,,,,,,,,,,+,....#*,,,,,**,*
+*****+*****..##.#,,,,,,,*,*
,*****,****#..*#.#,,,_,,,*,*
,,+,+,,,,,+..,,..#,,,,,,,*,*
*******************,,,,,**,*


You could see an ogre.

Vanquished Creatures
  A scorpion (D:4)
  An orc priest (D:3)
  An orc wizard (D:4)
  A crimson imp (D:4)
  3 worker ants (D:4)
  5 adders
  3 worms
  2 giant geckos
  4 orcs
  2 ball pythons (D:3)
  8 goblins
  3 hobgoblins
  4 jackals (D:4)
  3 kobolds
  2 quokkas
  7 bats
  4 giant cockroaches
  4 giant newts
  13 rats
71 creatures vanquished.

Notes
Turn   | Place    | Note
--------------------------------------------------------------
     0 | D:1      | MDvedh the Demigod Ice Elementalist began the quest for the Orb.
     0 | D:1      | Reached XP level 1. HP: 14/14 MP: 5/5
   135 | D:1      | Reached skill level 3 in Ice Magic
   571 | D:1      | Reached XP level 2. HP: 7/20 MP: 7/7
  1049 | D:1      | Learned a level 2 spell: Throw Frost
  1843 | D:2      | Reached XP level 3. HP: 20/26 MP: 4/8
  2353 | D:3      | Upgraded the game from 0.17-a0-1562-g9b2c768 to 0.17-a0-1920-gafa4d75
  2473 | D:3      | Reached skill level 4 in Ice Magic
  2543 | D:3      | Noticed Wiebster667's ghost (average MiBe)
  2734 | D:3      | Found a sacrificial altar of Ru.
  2784 | D:3      | Learned a level 3 spell: Ozocubu's Armour
  2810 | D:3      | Noticed Sigmund
  2954 | D:3      | Reached XP level 4. HP: 25/33 MP: 7/10
  3720 | D:3      | Found a deep blue altar of Sif Muna.
  3720 | D:3      | Found a radiant altar of Vehumet.
  3720 | D:3      | Found a glowing silver altar of Zin.
  3863 | D:3      | Reached XP level 5. HP: 6/38 MP: 6/12
  4131 | D:4      | Reached skill level 5 in Ice Magic
  4534 | D:4      | Reached XP level 6. HP: 45/45 MP: 9/14
  4685 | D:4      | Noticed an ogre
  4691 | D:4      | Slain by an ogre

Vault maps used:
D:1:      tarquinn_simple_flora_water_e
D:3:      nicolae_overflow_hidden_temple, uniq_sigmund
D:4:      lemuel_round_altar, first_bread

Action                   |  1- 3 |  4- 6 || total
-------------------------+-------+-------++-------
Melee: Club              |    68 |       ||    68
       Whip              |    20 |    21 ||    41
 Cast: Freeze            |    33 |    42 ||    75
       Throw Frost       |       |     6 ||     6
  Use: Scroll            |       |     7 ||     7
 Stab: Sleeping          |     6 |     2 ||     8
       Distracted        |     1 |       ||     1
  Eat: Chunk             |     6 |     1 ||     7
       Meat ration       |       |     1 ||     1
       Beef jerky        |       |     1 ||     1
